cohdb
Replays
Latest Replays
All Replays
Popular Replays
Top Player Replays
Match Explorer
How It Works
Community
CoH3 Stats
Reddit
Sign in to upload your games and track your stats! →
Sign in with Steam
Match 47264229
Unlisted
Match 47264229
Overview
Messages
Build Orders
End
Kradschützen Motorcycle Team
Panzergrenadier Squad
250 Light Carrier
Construct Light Support Kompanie
Assault Grenadier Squad
Combat Half-tracks
Construct Mechanized Kompanie
Support Armor Elements
Panzerjäger Mechanized Group
Selects Panzerjäger Kommand Battlegroup
Selects Mine Fields
Selects Tank Busters
Selects Defensive Positions
StuG III D Assault Gun
2.5-tonne Medical Truck
Vehicle Survival Package
MG34 Team
Pak 38 Mechanized Group
Selects Crew Shock Tactics
Crew Shock Tactics
Pak 38 Anti-tank Gun Team
Emergency Repair Kits
Construct Panzerarmee Kommand
Walking Stuka Rocket Launcher
Selects Butterfly Bomb Drop
Armored Reserves
Selects Elefant Tank Destroyer
Crew Shock Tactics
StuG Assault Group
Goodvyn
Soud
0
0
Comments
sign in to comment!
No comments posted yet!